 Dungeon Crawl Stone Soup version 0.32-a0-468-g38b2580584 (webtiles) character file.

Game seed: 1058670742951017842

2548 910rd the Covert (level 9, 74/82 HPs)
             Began as a Naga Enchanter on Feb 16, 2024.
             Was a Believer of Cheibriados.
             Quit the game on level 7 of the Dungeon on Feb 24, 2024.
             The game lasted 00:26:23 (7175 turns).

910rd the Covert (Naga Enchanter)                   Turns: 7175, Time: 00:26:24

Health: 74/82      AC: 11    Str: 20    XL:     9   Next: 56%
Magic:  7/15       EV: 11    Int: 26    God:    Cheibriados [**....]
Gold:   449        SH:  0    Dex: 17    Spells: 7/16 levels left

rFire   . . .        a - +2 dagger (protect)
rCold   . . .        (no shield)
rNeg    . . .        b - +0 robe
rPois   +            (no helmet)
rElec   .            (no cloak)
rCorr   .            s - +2 pair of gloves {Str+3}
SInv    +            (no barding)
Will    +....        (no amulet)
Stlth   ++++         o - +4 ring of protection
HPRegen 0.33/turn    (no ring)
MPRegen 0.14/turn

%: no passive effects
@: very slow
A: AC +3, large, see invisible, deformed body, poison resistance, slowness 2,
spit poison 1, naga tail 1
a: Spit Poison, Renounce Religion, Bend Time


You were on level 7 of the Dungeon.
You worshipped Cheibriados.
Cheibriados was pleased with you.
You visited 2 branches of the dungeon, and saw 8 of its levels.

You collected 449 gold pieces.

Inventory:

Hand Weapons
 a - a +2 dagger of protection (weapon)
 i - a +0 morningstar
 j - a +3 flail
 w - a +3 long sword
 x - a +2 short sword of protection
Missiles
 d - 8 poisoned darts
 k - a throwing net
Armour
 b - a +0 robe (worn)
 s - a +2 pair of gloves of strength (worn)
 y - a +0 helmet
 z - the +5 chain mail "Depeas" {Int+4}
   (You found it on level 6 of the Dungeon)

   Int+4:     It affects your intelligence (+4).
Jewellery
 o - a +4 ring of protection (left hand)
 B - an amulet of guardian spirit
Wands
 e - a wand of roots (3)
 h - a wand of acid (13)
Scrolls
 f - 2 scrolls of revelation
 l - a scroll of enchant weapon
 r - a scroll of fog
Potions
 c - a potion of invisibility
 g - a potion of degeneration
 m - a potion of might
 n - 2 potions of curing
 p - a potion of heal wounds
 q - a potion of enlightenment
 t - a potion of berserk rage
 u - 2 potions of lignification
 v - a potion of ambrosia


   Skills:
 - Level 6.0 Fighting
 - Level 1.0 Short Blades
 - Level 3.0 Dodging
 - Level 8.0 Stealth
 - Level 4.0 Spellcasting
 - Level 6.0 Conjurations
 - Level 5.0 Hexes
 + Level 2.8 Translocations
 - Level 2.0 Ice Magic
 - Level 3.0 Invocations
 - Level 1.0 Evocations


You had 7 spell levels left.
You knew the following spells:

 Your Spells              Type           Power      Damage    Failure   Level
a - Ensorcelled Hibernat  Hex/Ice        46%        N/A       3%          2
b - Tukima's Dance        Hex            31%        N/A       3%          3
c - Iskenderun's Mystic   Conj/Tloc      28%        2d7       14%         4

Your spell library contained the following spells:

 Spells                   Type           Power      Damage    Failure   Level
 Dazzling Flash           Conj/Hex       66%        N/A       2%          3
 Confusing Touch          Hex            31%        N/A       3%          3
 Mephitic Cloud           Conj/Alch/Air  15%        N/A       11%         3
 Dimensional Bullseye     Hex/Tloc       12%        N/A       17%         4
 Silence                  Hex/Air        9%         N/A       63%         5
 Curse of Agony           Necr           5%         N/A       93%         5


Dungeon Overview and Level Annotations

Branches:
Dungeon (7/15)             Temple (1/1) D:6

Altars:
Ashenzari
Cheibriados
Dithmenos
Elyvilon
Fedhas
Gozag
Hepliaklqana
Makhleb
Nemelex Xobeh
Okawaru
Ru
Trog
Vehumet
Wu Jian
Xom
Yredelemnul
Zin
The Shining One


Innate Abilities, Weirdness & Mutations

Your serpentine skin is tough. (AC +3)
You have supernaturally acute eyesight. (SInv)
Armour fits poorly on your strangely shaped body.
Your system is resistant to poisons. (rPois)
You cover ground very slowly.
You can spit poison.
You have a snake-like lower body.


Message History

Casting: Ensorcelled Hibernation (safe; 3% risk of failure)
Confirm with . or Enter, or press ? or * to list all spells.
Aiming: Ensorcelled Hibernation (safe; 3% risk of failure)
Press: ? - help, Shift-Dir - straight line, f - centaur
Aim: a centaur (chance to affect: 54%)
The centaur looks drowsy...
Your +0 shortbow shoots an arrow.
The arrow hits the centaur.
The centaur hits you but does no damage.
The centaur barely misses you.
Your +0 shortbow shoots an arrow.
The arrow hits the centaur.
The helpless centaur fails to defend itself.
You impale the centaur!!
You kill the centaur!
Cheibriados appreciates the change of pace.
Cheibriados raises the support of your attributes as your movement slows.
The centaur hits you but does no damage.
The centaur kicks you but does no damage.
Your +0 shortbow shoots an arrow.
The arrow hits the centaur.
The centaur dies!
Cheibriados appreciates the change of pace.
Your Translocations skill increases to level 2!
You see here a centaur corpse.
Your +0 shortbow falls from the air.
A - 2 scrolls of identify (gained 1)
As you read the scroll of identify, it crumbles to dust.
t - a potion of berserk rage
As you read the scroll of identify, it crumbles to dust.
v - a potion of ambrosia Unknown command.
Welcome back, 910rd the Naga Enchanter.
Cheibriados says: Take it easy.
Press ? for a list of commands and other information.
Unknown command.
Unknown command.
Are you sure you want to abandon this character and quit the game? (Confirm with "yes".)
Okay, then.
Unknown command.
Are you sure you want to abandon this character and quit the game? (Confirm with "yes".)
Okay, then.
Are you sure you want to abandon this character and quit the game? (Confirm with "yes".)

+.)†.............. ....
#.. .#...............#
.....#..
.................#
....#..
.................#
.......
#................# #..
..#....#####.....# #..
..##.#.# #.....#
#.####.. .. #.#.#
#.....# #....... #.#..
#....@# ######.# ..###
#.....# ########...
#.....# #..........
#.....######.#######..
#####........#.....#..
#........#.....#..
#.............#.._..#..
##............#.....#.#
...>..........#.....#.#


There were no monsters in sight!

Vanquished Creatures
  Sigmund (D:6)
  Duvessa (D:6)
  An ice beast (D:6)
  2 sky beasts (D:6)
  3 ogres
  A phantom (D:5)
  A centaur (D:7)
  2 bullfrogs (D:6)
  3 scorpions
  2 wights (D:6)
  Dowan (D:6)
  2 howler monkeys
  3 orc priests
  A bombardier beetle (D:5)
  A hound (D:6)
  A jelly (D:5)
  Ijyb (D:4)
  Terence (D:2)
  2 iguanas
  Natasha (thrice) (D:2)
  5 orc wizards
  3 gnolls (D:4)
  10 adders
  2 shadow imps
  A white imp (D:6)
  2 ribbon worms (D:3)
  4 dart slugs
  28 orcs
  10 endoplasms
  A giant cockroach (D:4)
  5 goblins
  13 hobgoblins
  5 jackals
  7 kobolds
  4 quokkas
  8 ball pythons
  6 bats
  4 frilled lizards (D:1)
  8 rats
159 creatures vanquished.

Vanquished Creatures (collateral kills)
  A centaur (D:7)
  2 wights (D:6)
  A sleepcap (D:6)
4 creatures vanquished.

Vanquished Creatures (others)
  A dancing weapon (D:6)
  A quokka (D:5)
2 creatures vanquished.

Grand Total: 165 creatures vanquished

Notes
Turn   | Place    | Note
-------+----------+-------------------------------------------
     0 | D:1      | 910rd the Naga Enchanter began the quest for the Orb.
     0 | D:1      | Reached XP level 1. HP: 15/15 MP: 3/3
    45 | D:1      | Reached skill level 5 in Stealth
    63 | D:1      | Reached XP level 2. HP: 24/24 MP: 5/5
   123 | D:1      | Reached skill level 1 in Fighting
   158 | D:1      | Reached skill level 1 in Ice Magic
   297 | D:1      | Reached XP level 3. HP: 27/31 MP: 6/6
   300 | D:1      | Learned a level 2 spell: Ensorcelled Hibernation
   859 | D:1      | Reached skill level 6 in Stealth
   859 | D:1      | Reached XP level 4. HP: 36/38 MP: 7/7
   971 | D:1      | Found a faded altar of an unknown god.
  1151 | D:2      | Noticed Terence
  1726 | D:2      | Noticed Natasha
  1731 | D:2      | Killed Natasha
  1732 | D:2      | Reached skill level 7 in Stealth
  1751 | D:2      | Noticed Natasha
  1754 | D:2      | Killed Natasha
  1755 | D:2      | Reached XP level 5. HP: 44/44 MP: 5/8
  1839 | D:2      | Reached skill level 8 in Stealth
  2111 | D:2      | Killed Terence
  2152 | D:2      | Noticed Natasha
  2157 | D:2      | Killed Natasha
  2158 | D:2      | Reached XP level 6. HP: 22/55 MP: 6/9
  2595 | D:3      | Found an opulent altar of Gozag.
  2695 | D:3      | Found a bloodstained altar of Trog.
  3087 | D:4      | Found an ornate altar of the Wu Jian Council.
  3185 | D:5      | Entered Level 5 of the Dungeon
  3270 | D:5      | Found a broken altar of Ashenzari.
  3299 | D:5      | Reached XP level 7. HP: 64/64 MP: 5/10
  3305 | D:5      | Found a white marble altar of Elyvilon.
  3313 | D:5      | Found a glowing silver altar of Zin.
  3375 | D:6      | Reached skill level 5 in Fighting
  3391 | D:6      | Found a staircase to the Ecumenical Temple.
  3400 | Temple   | Entered the Ecumenical Temple
  3409 | Temple   | Became a worshipper of Cheibriados the Contemplative
  3472 | D:6      | Reached skill level 1 in Evocations
  3860 | D:4      | Noticed Ijyb
  3868 | D:4      | Killed Ijyb
  3892 | D:4      | Reached * piety under Cheibriados
  3981 | D:4      | Reached XP level 8. HP: 65/74 MP: 3/11
  4098 | D:4      | Reached skill level 5 in Hexes
  4253 | D:3      | Reached skill level 1 in Invocations
  5180 | D:5      | Reached ** piety under Cheibriados
  5363 | D:5      | Found a shimmering altar of Xom.
  5642 | D:6      | Found a shadowy altar of Dithmenos.
  5692 | D:6      | Identified the +5 chain mail "Depeas" {Int+4}
  5834 | D:6      | Noticed Duvessa
  6064 | D:6      | Noticed Sigmund
  6068 | D:6      | Learned a level 3 spell: Tukima's Dance
  6073 | D:6      | Killed Sigmund
  6074 | D:6      | Reached skill level 1 in Conjurations
  6236 | D:6      | Reached XP level 9. HP: 67/82 MP: 11/15
  6494 | D:6      | Noticed Dowan
  6499 | D:6      | Reached skill level 5 in Conjurations
  6617 | D:6      | Killed Duvessa
  6633 | D:6      | Killed Dowan
  7015 | D:7      | Reached skill level 1 in Translocations
  7022 | D:7      | Learned a level 4 spell: Iskenderun's Mystic Blast
  7022 | D:7      | Found a sparkling altar of Nemelex Xobeh.
  7166 | D:7      | Upgraded the game from 0.32-a0-314-g526f7d4993 to
                  | 0.32-a0-468-g38b2580584
  7175 | D:7      | Quit the game

Illustrated notes

Levels and vault maps discovered:
D:1:      orjb1_lava_funnel, layout_loops_corners,
          hellmonk_ecumenical_altar_leap_of_faith, serial_bayou_pond_b
D:2:      layout_loops_ring, uniq_terence, uniq_natasha
D:3:      layout_loops_cross, trog_three_pillars_becter,
          grunt_gozag_breadcrumbs, minmay_misc_feat_five
D:4:      layout_loops_ring, general_overflow_altar, serial_bayou,
          serial_bayou_shore_a, serial_bayou_shore_b, serial_bayou_lagoon_b,
          serial_bayou_ford_a, serial_bayou_pond_e, minmay_fractal_squares_5,
          uniq_ijyb
D:5:      layout_cave_pools, lemuel_round_altar, elyvilon_altar_4,
          hangedman_feature_mirror
D:6:      layout_basic, mainiacjoe_overflow_paths,
          minmay_temple_entry_butterflies, uniq_sigmund, uniq_duvessa
D:7:      layout_basic, amcnicky_altar_gilded, nicolae_uskayaw_en_pointe
Temple:   hellmonk_temple_of_storms

Skill      XL: |  1  2  3  4  5  6  7  8  9 |
---------------+----------------------------+-----
Stealth        | 5 6 7 8 |  8.0
Fighting       | 1 2 4 5 6 |  6.0
Ice Magic      | 1 2 |  2.0
Dodging        | 2 3 |  3.0
Hexes          | 4 5 |  5.0
Evocations     | 1 |  1.0
Invocations    | 3 |  3.0
Spellcasting   | 4 |  4.0
Conjurations   | 2 6 |  6.0
Translocations | 2 |  2.8
Short Blades   | |  1.0

Action                     |  1- 3 |  4- 6 |  7- 9 || total
---------------------------+-------+-------+-------++-------
  Melee: Dagger            |    54 |   109 |   360 ||   523
   Cast: Ensorcelled Hiber |     7 |    30 |    68 ||   105
         Tukima's Dance    |       |       |    19 ||    19
         Iskenderun's Myst |       |       |     1 ||     1
Ability: Spit Poison       |    19 |    20 |     2 ||    41
  Evoke: Wand              |       |       |     8 ||     8
    Use: Scroll            |       |     4 |    16 ||    20
         Potion            |       |     1 |     1 ||     2
   Stab: Sleeping          |     8 |    29 |    39 ||    76
 Armour: Robe              |    38 |    71 |   322 ||   431
  Dodge: Dodged            |    17 |    51 |   239 ||   307

Table legend: (Time is in decaauts)
 A = Elapsed time spent in this place.
 B = Non-inter-level travel time spent in this place.
 C = Inter-level travel time spent in this place.
 D = Time resting spent in this place.
 E = Time spent auto-exploring this place.
 F = Levels seen in this place.
 G = Mean time per level.
                   A        B        C        D        E       F      G
               +--------+--------+--------+--------+--------+-----+--------+
         Total |  10195 |   9643 |    552 |    517 |   6821 |   8 | 1274.4 |
       Dungeon |  10168 |   9629 |    539 |    517 |   6821 |   7 | 1452.6 |
        Temple |     27 |     14 |     13 |      0 |      0 |   1 |   27.0 |
               +--------+--------+--------+--------+--------+-----+--------+

Top non-repeatable levels by time:
     D:6: 2510 daAuts
     D:4: 2287 daAuts
     D:1: 1430 daAuts
     D:3: 1280 daAuts
     D:2: 1240 daAuts
     D:5: 1107 daAuts
     D:7: 311 daAuts
  Temple: 27 daAuts
